 Dungeon Crawl Stone Soup version 0.27.0-1-g7a089689b8 (webtiles) character file.

Game seed: 1042278751724704161

6873 Anothat the Cleaver (level 10, -1/96 HPs)
             Began as a Deep Dwarf Fighter on Aug 8, 2021.
             Was a Priest of Makhleb.
             Slain by an orc warrior (10 damage)
             ... on level 10 of the Dungeon.
             The game lasted 00:18:16 (6852 turns).

Anothat the Cleaver (Deep Dwarf Fighter)            Turns: 6852, Time: 00:18:17

Health: -1/96      AC: 23    Str: 23    XL:     10   Next: 78%
Magic:  0/0        EV:  5    Int: 15    God:    Makhleb [***...]
Gold:   706        SH: 14    Dex: 12    Spells: 9/9 levels left

rFire    . . .     SeeInvis .   o - +4 broad axe (protect)
rCold    . . .     Faith    .   z - +2 kite shield
rNeg     . . .     Spirit   .   B - +0 plate armour
rPois    .         Reflect  .   (no helmet)
rElec    .         Harm     .   g - +2 cloak
rCorr    .         Rampage  .   i - +0 pair of gloves
Will     +....                  f - +0 pair of boots
Stlth    ..........             (no amulet)
HPRegen  0.00/turn              s - +6 ring of intelligence
MPRegen  0.07/turn              (no ring)

@: under a protective aura
A: damage resistance, heal wounds, sense surroundings 2, no regeneration
a: Heal Wounds, Renounce Religion, Minor Destruction, Lesser Servant of Makhleb


You were on level 10 of the Dungeon.
You worshipped Makhleb.
Makhleb was most pleased with you.
You visited 2 branches of the dungeon, and saw 11 of its levels.

You collected 706 gold pieces.

Inventory:

Hand Weapons
 a - a +0 war axe
 o - a +4 broad axe of protection (weapon)
Missiles
 H - 2 throwing nets (quivered)
Armour
 b - a +0 scale mail
 c - a +0 kite shield
 f - a +0 pair of boots (worn)
 g - a +2 cloak (worn)
 i - a +0 pair of gloves (worn)
 m - a +0 chain mail
 z - a +2 kite shield (worn)
 B - a +0 plate armour (worn)
Jewellery
 p - an amulet of faith
 s - a +6 ring of intelligence (left hand)
 F - a ring of positive energy
 N - a ring of flight
Wands
 v - a wand of charming (3)
 y - a wand of flame (33)
 K - a wand of iceblast (17)
 M - a wand of mindburst (8)
Scrolls
 e - a scroll of blinking
 j - 5 scrolls of teleportation
 t - a scroll of magic mapping
 u - 4 scrolls of fog
Potions
 h - 3 potions of resistance
 r - a potion of brilliance
 x - a potion of mutation
 A - 3 potions of haste
 E - a potion of lignification
 L - a potion of degeneration


   Skills:
 + Level 8.1 Fighting
 * Level 12.5 Axes
 - Level 3.2 Armour
 * Level 9.9 Shields


You had 9 spell levels left.
You didn't know any spells.
Your spell library contained the following spells:

 Spells                   Type           Power      Damage    Failure   Level
 Beastly Appendage        Tmut           0%         N/A       100%        1
 Corpse Rot               Necr/Air       N/A        N/A       100%        2
 Wereblood                Tmut           0%         N/A       100%        2
 Spider Form              Tmut/Pois      0%         N/A       100%        3
 Stone Arrow              Conj/Erth      0%         3d7       100%        3
 Dispel Undead            Necr           0%         3d6       100%        4
 Fulminant Prism          Conj/Hex       0%         3d6       100%        4
 Iskenderun's Mystic Bla  Conj/Tloc      0%         2d3       100%        4
 Summon Ice Beast         Ice/Summ       0%         N/A       100%        4
 Bolt of Magma            Conj/Fire/Erth 0%         4d4       100%        5
 Lee's Rapid Deconstruct  Erth           0%         3d5*      100%        5
 Summon Mana Viper        Hex/Summ       0%         N/A       100%        5
 Death Channel            Necr           0%         N/A       100%        6
 Monstrous Menagerie      Summ           0%         N/A       100%        7
 Shatter                  Erth           0%         3d5*      100%        9


Dungeon Overview and Level Annotations

Branches:
Dungeon (10/15)            Temple (1/1) D:5
   Lair: D:8-11         Orc: D:9-12

Altars:
Ashenzari
Cheibriados
Dithmenos
Elyvilon
Gozag
Hepliaklqana
Makhleb
Nemelex Xobeh
Okawaru
Qazlal
Ru
Sif Muna
Trog
Uskayaw
Vehumet
Wu Jian
Xom
Yredelemnul
Zin

Shops:
D:6 *   D:9 [


Innate Abilities, Weirdness & Mutations

You are resistant to damage.
You can heal yourself by infusing magical energy.
You passively map the area around you.
You do not regenerate.


Message History

The orc warrior is heavily wounded.
The orc warrior hits you but does no damage.
You slice the orc warrior!!
You kill the orc warrior!
Makhleb accepts your kill.
You feel better. The orc warrior barely misses you.
You completely miss the orc. You block the orc's attack.
The orc warrior hits you from afar with a +0 glaive!
* * * LOW HITPOINT WARNING * * *
You hit the orc.
The orc is severely wounded.
You block the orc's attack. You block the orc warrior's attack.
You slice the orc!!
You kill the orc!
Makhleb accepts your kill.
You feel better. You block the orc warrior's attack.
You hit the howler monkey zombie.
The howler monkey zombie is heavily damaged.
The howler monkey zombie hits you but does no damage.
You block the orc warrior's attack.
You block the howler monkey zombie's attack.
You closely miss the howler monkey zombie.
The howler monkey zombie is heavily damaged.
The orc warrior hits you from afar with a +0 glaive!
* * * LOW HITPOINT WARNING * * *
You block the howler monkey zombie's attack.
You slash the howler monkey zombie!
The howler monkey zombie is severely damaged.
You block the orc warrior's attack.
The howler monkey zombie hits you but does no damage.
You barely miss the howler monkey zombie.
The howler monkey zombie is severely damaged.
The orc warrior hits you but does no damage.
You block the howler monkey zombie's attack.
You slice the howler monkey zombie!!
You destroy the howler monkey zombie!
Makhleb accepts your kill.
You feel better. You block the orc warrior's attack.
The orc warrior hits you with a +0 glaive!
You die...

######## ##......## *
##........## #..........#
#..........# #..........#
#....[.....# #..........####
* ##........o@)[# ** * .*
#..........##.# , ,
.#####..........##.## *
...#............##..# *,# *
...).#.........)###.######.#
...)......)................#
*
#..))..........####.....####
...##.^#.....>## ####..#
........####### #...#


You could see an orc warrior.

Vanquished Creatures
  Harold (D:7)
  A two-headed ogre (D:10)
  Maggie (D:7)
  A hornet (D:9)
  A shadow (D:9)
  A wyvern (D:9)
  3 yaks (D:9)
  2 steam dragons (D:9)
  A wraith (D:9)
  Menkaure (D:7)
  3 water moccasins
  A hornet zombie (D:8)
  9 orc warriors
  An ice beast (D:5)
  A necrophage (D:7)
  2 centaurs
  A phantom (D:7)
  4 kobold brigands
  3 bullfrogs
  A gnoll sergeant (D:8)
  A water moccasin zombie (D:3)
  A scorpion (D:5)
  6 killer bees (D:7)
  A wight (D:8)
  An electric eel (D:9)
  2 centaur zombies
  2 orc priests (D:9)
  3 centaur skeletons
  2 gnoll shamans (D:8)
  3 hounds
  2 jellies (D:6)
  2 iguanas
  9 orc wizards
  A killer bee zombie (D:9)
  2 hound skeletons
  A howler monkey skeleton (D:5)
  2 howler monkey zombies
  15 gnolls
  10 adders
  A shadow imp (D:6)
  An ufetubus (D:7)
  An adder skeleton (D:4)
  3 worms
  3 dart slugs
  55 orcs
  5 ball pythons
  5 endoplasms
  4 giant cockroaches
  11 hobgoblins
  2 jackals (D:1)
  4 quokkas
  A ball python skeleton (D:3)
  4 bats
  2 frilled lizards (D:1)
  4 goblins
  21 kobolds
  9 rats
241 creatures vanquished.

Vanquished Creatures (others)
  An orc (D:9)
  3 fungi (D:6)
  19 plants
  2 withered plants (D:3)
25 creatures vanquished.

Grand Total: 266 creatures vanquished

Notes
Turn   | Place    | Note
-------+----------+-------------------------------------------
     0 | D:1      | Anothat the Deep Dwarf Fighter began the quest for the Orb.
     0 | D:1      | Reached XP level 1. HP: 20/20 MP: 1/1
   120 | D:1      | Reached XP level 2. HP: 20/27 MP: 2/2
   266 | D:1      | Reached skill level 3 in Axes
   415 | D:1      | Found a faded altar of an unknown god.
   520 | D:1      | Reached XP level 3. HP: 20/34 MP: 3/3
   987 | D:2      | Reached XP level 4. HP: 42/42 MP: 3/3
  1180 | D:2      | Found a snail-covered altar of Cheibriados.
  1251 | D:2      | Reached skill level 4 in Axes
  1381 | D:3      | Reached XP level 5. HP: 21/49 MP: 4/4
  1634 | D:3      | Reached skill level 5 in Axes
  2159 | D:4      | Reached XP level 6. HP: 50/57 MP: 5/5
  2696 | D:5      | Entered Level 5 of the Dungeon
  2696 | D:5      | Noticed an ice beast
  2716 | D:5      | Killed an ice beast
  2717 | D:5      | Reached skill level 5 in Shields
  2727 | D:5      | Reached skill level 6 in Axes
  2748 | D:5      | Reached XP level 7. HP: 34/64 MP: 5/5
  2842 | D:5      | Found a staircase to the Ecumenical Temple.
  2872 | Temple   | Entered the Ecumenical Temple
  2894 | Temple   | Became a worshipper of Makhleb the Destroyer
  3077 | D:5      | Found a shimmering blue altar of Sif Muna.
  3085 | D:5      | Found a sacrificial altar of Ru.
  3495 | D:6      | Found Eleu's Assorted Antiques.
  3636 | D:6      | Found an ornate altar of the Wu Jian Council.
  3663 | D:6      | Reached skill level 7 in Axes
  3735 | D:6      | Noticed a two-headed ogre
  3941 | D:7      | Noticed Maggie
  3973 | D:7      | Reached skill level 5 in Fighting
  3973 | D:7      | Reached XP level 8. HP: 43/74 MP: 4/4
  3977 | D:7      | Killed Maggie
  3978 | D:7      | Reached skill level 8 in Axes
  4104 | D:7      | Noticed Menkaure
  4112 | D:7      | Killed Menkaure
  4112 | D:7      | Reached * piety under Makhleb
  4255 | D:7      | Reached skill level 9 in Axes
  4376 | D:7      | Noticed Harold
  4393 | D:7      | HP: 2/76 [Harold (8)]
  4399 | D:7      | Killed Harold
  4400 | D:7      | Reached skill level 10 in Axes
  4400 | D:7      | Gained mutation: You passively map the area around you.
                  | [Deep Dwarf growth]
  4400 | D:7      | Reached XP level 9. HP: 31/85 MP: 5/5
  4826 | D:8      | Reached ** piety under Makhleb
  4838 | D:8      | Reached skill level 11 in Axes
  4921 | D:8      | Noticed a two-headed ogre
  5007 | D:8      | Noticed a cyclops
  5007 | D:8      | Identified the +10 short sword of the Magi {vorpal, Fragile
                  | rElec Str+7}
  5145 | D:9      | Paralysed by a hornet for 2 turns
  5151 | D:9      | Paralysed by a hornet for 1 turns
  5154 | D:9      | Reached XP level 10. HP: 64/94 MP: 3/3
  5310 | D:9      | Found Tepto's Antique Armour Shoppe.
  5375 | D:9      | Found a hide-covered altar of Uskayaw.
  5382 | D:9      | Found a shimmering altar of Xom.
  5981 | D:9      | Reached skill level 12 in Axes
  6099 | D:9      | Reached *** piety under Makhleb
  6236 | D:10     | Entered Level 10 of the Dungeon
  6278 | D:10     | Noticed a two-headed ogre
  6376 | D:10     | Killed a two-headed ogre
  6852 | D:10     | Slain by an orc warrior

Illustrated notes

Levels and vault maps discovered:
D:1:      ncdulo_halloftheorcs, layout_basic,
          dreamdust_ecumenical_altar_hidden_monk_grotto
D:2:      layout_loops_ring, basic_altar, minmay_misc_feat_diagonals
D:3:      layout_rooms, serial_undead, serial_undead_b, serial_undead_a,
          serial_undead_e, serial_undead_b, corexii_item_surrounded_by_moat,
          serial_park_tiny_pond, chequers_jeans
D:4:      layout_layer_cave
D:5:      layout_cave_pools, nicolae_overflow_hidden_temple,
          minmay_temple_entry_offerings
D:6:      layout_rooms, mainiacjoe_overflow_boulevard, serial_shops, shop
D:7:      layout_rooms, minmay_unpleasant_kobolds, uniq_harold, uniq_maggie,
          uniq_menkaure
D:8:      layout_basic, gammafunk_temple_overflow_statue, david_lair_shrubbed,
          special_room [special_room_orc], minmay_bent
D:9:      layout_loops_corners, amethyst_overflow_temple_binary, special_room
          [special_room_orc], serial_shops, shop, serial_bayou_lagoon_a
D:10:     layout_rooms, kennysheep_mini_moat, david_orc_5
Temple:   eino_temple_lava

Skill      XL: |  1  2  3  4  5  6  7  8  9 10 |
---------------+-------------------------------+-----
Axes           | 3 4 5 6 7 10 11 12 | 12.5
Fighting       | 3 4 5 6 7 8 |  8.1
Shields        | 4 5 6 7 8 9 |  9.9
Armour         | |  3.2

Action                   |  1- 3 |  4- 6 |  7- 9 | 10-12 || total
-------------------------+-------+-------+-------+-------++-------
Melee: War axe           |   163 |   182 |   127 |       ||   472
       Broad axe         |       |       |   218 |   182 ||   400
Throw: Throwing net      |       |       |     1 |     1 ||     2
 Abil: Heal Wounds       |     2 |     3 |    15 |     7 ||    27
Evoke: Wand              |       |       |    10 |     2 ||    12
  Use: Scroll            |       |       |       |    20 ||    20
       Potion            |       |       |       |     3 ||     3
Armor: Scale mail        |    86 |    19 |       |       ||   105
       Chain mail        |       |   101 |    13 |       ||   114
       Plate armour      |       |       |   200 |    56 ||   256
Dodge: Dodged            |    39 |    47 |    51 |    15 ||   152
Block: Kite shield       |    91 |   100 |   275 |    98 ||   564
